 Dungeon Crawl Stone Soup version 0.30-a0-219-gf2db51d15e (webtiles) character file.

Game seed: 14967836429679452212

6272 Decritt the Covert (level 10, -3/49 HPs)
             Began as a Spriggan Enchanter on Oct 7, 2022.
             Was a Priest of Dithmenos.
             Killed by divine providence
             ... invoked by an orc priest
              (13 damage)
             ... on level 9 of the Dungeon.
             The game lasted 00:30:42 (9389 turns).

Decritt the Covert (Spriggan Enchanter)             Turns: 9389, Time: 00:30:43

Health: -3/49      AC:  8    Str:  4    XL:     10   Next: 63%
Magic:  13/22      EV: 37    Int: 29    God:    Dithmenos [***...]
Gold:   542        SH:  9    Dex: 20    Spells: 11/24 levels left

rFire   . . .      SeeInvis +    x - +2 short sword (flame)
rCold   . . .      Faith    .    z - +2 buckler
rNeg    . . .      Spirit   .    g - +0 steam dragon scales
rPois   .          Reflect  .    (helmet restricted)
rElec   .          Harm     .    e - +2 cloak
rCorr   .          Rampage  .    (gloves unavailable)
Will    +....                    (boots unavailable)
Stlth   +++++++...               G - amulet of the acrobat
HPRegen 0.28/turn                h - +6 ring of intelligence
MPRegen 0.18/turn                I - +6 ring of intelligence

@: confusing by touch, acrobatic, wreathed by umbra, very quick
A: very small, no large weapons, unfitting armour, see invisible, speed 3
a: Renounce Religion, Shadow Step


You were on level 9 of the Dungeon.
You worshipped Dithmenos.
Dithmenos was most pleased with you.
You visited 2 branches of the dungeon, and saw 10 of its levels.

You collected 542 gold pieces.

Inventory:

Hand Weapons
 a - a +1 dagger
 x - a +2 short sword of flaming (weapon)
Missiles
 y - 2 throwing nets (quivered)
Armour
 b - a +1 robe
 e - a +2 cloak (worn)
 g - +0 steam dragon scales (worn)
 v - +0 acid dragon scales
 z - a +2 buckler (worn)
Jewellery
 h - a +6 ring of intelligence (left hand)
 l - a ring of poison resistance
 p - an amulet of regeneration
 G - an amulet of the acrobat (around neck)
 I - a +6 ring of intelligence (right hand)
 J - a ring of magical power
Wands
 o - a wand of paralysis (1)
 s - a wand of roots (7)
 B - a wand of quicksilver (7)
Scrolls
 f - 2 scrolls of fear
 k - 3 scrolls of teleportation
Potions
 c - 4 potions of invisibility
 d - 2 potions of magic
 i - a potion of ambrosia
 j - a potion of curing
 n - 3 potions of lignification
 q - a potion of might {unknown}
 t - 2 potions of mutation
 w - a potion of degeneration {unknown}
 A - 2 potions of brilliance
 E - 2 potions of haste
 F - 2 potions of cancellation
 H - a potion of heal wounds {unknown}


   Skills:
 + Level 3.3 Fighting
 + Level 6.8 Short Blades
 - Level 3.5 Armour
 + Level 8.6 Dodging
 + Level 10.8 Stealth
 + Level 3.2 Shields
 + Level 7.9 Spellcasting
 + Level 8.5 Hexes


You had 11 spell levels left.
You knew the following spells:

 Your Spells              Type           Power      Damage    Failure   Level
a - Confusing Touch       Hex            57%        N/A       1%          3
b - Dazzling Flash        Conj/Hex       72%        N/A       4%          3
c - Ensorcelled Hibernat  Hex/Ice        72%        N/A       2%          2
d - Tukima's Dance        Hex            57%        N/A       1%          3
e - Passwall              Tmut/Erth      9%         N/A       14%         2

Your spell library contained the following spells:

 Spells                   Type           Power      Damage    Failure   Level
 Sandblast                Erth           22%        2d7       10%         1
 Cigotuvi's Dreadful Rot  Necr/Pois/Air  22%        N/A       14%         2
 Ozocubu's Armour         Ice            11%        N/A       28%         3
 Stone Arrow              Conj/Erth      22%        3d8       28%         3
 Metabolic Englaciation   Hex/Ice        18%        N/A       41%         5
 Dispel Undead            Necr           11%        3d9       67%         4
 Death Channel            Necr           5%         N/A       100%        6
 Simulacrum               Ice/Necr       5%         N/A       100%        6


Dungeon Overview and Level Annotations

Branches:
Dungeon (9/15)             Temple (1/1) D:4            Lair (0/5) D:9
    Orc: D:9-12

Altars:
Ashenzari
Cheibriados
Dithmenos
Gozag
Hepliaklqana
Kikubaaqudgha
Makhleb
Ru
Sif Muna
Trog
Uskayaw
Vehumet
Xom
Yredelemnul
Zin
The Shining One

Shops:
D:4 :

Annotations:
D:8 exclusions: oklob plant and oklob sapling


Innate Abilities, Weirdness & Mutations

You are very small and have problems with some larger weapons.
You are too small for most types of armour.
You have supernaturally acute eyesight. (SInv)
You cover ground extremely quickly. (Speed+++)


Message History

The orc wizard is unaffected.
The orc priest miscasts a cantrip.
The orc wizard gestures at you while chanting.
The magic dart hits you.
Casting: Ensorcelled Hibernation (safe; 2% risk of failure)
Confirm with . or Enter, or press ? or * to list all spells.
Aiming: Ensorcelled Hibernation (safe; 2% risk of failure)
Press: ? - help, Shift-Dir - straight line, f - orc wizard, p - orc warrior
Aim: an orc wizard, wielding a +0 dagger and wearing a +0 robe (umbra, not susceptible)
Okay, then.
Casting: Ensorcelled Hibernation (safe; 2% risk of failure)
Confirm with . or Enter, or press ? or * to list all spells.
Your hands begin to glow red.
The orc wizard misses you.
The orc priest calls down the wrath of Beogh upon you.
Beogh smites you!
The orc wizard points at you and mumbles some strange words.
The magic dart hits you.
* * * LOW HITPOINT WARNING * * *
The orc warrior completely misses you.
Casting: Confusing Touch (safe; 1% risk of failure)
Confirm with . or Enter, or press ? or * to list all spells.
Aiming: Tukima's Dance (safe; 1% risk of failure)
Press: ? - help, Shift-Dir - straight line, f/p - orc warrior
Aim: an orc warrior, wielding a +0 scimitar and wearing a +0 plate armour (chance to confuse on hit: 74%, umbra, chance to affect: 74%)
The +0 scimitar dances into the air!
The orc priest casts a cantrip, but nothing happens.
The orc warrior completely misses you.
The orc priest looks braver for a moment.
You block the orc wizard's attack.
The orc wizard mumbles some strange words.
The orc wizard flickers and vanishes for a moment.
The orc priest mumbles some strange prayers to Beogh against you.
Beogh smites you!
* * * LOW HITPOINT WARNING * * *
Your +0 scimitar hits the orc warrior!
The orc priest casts a cantrip, but nothing happens.
The orc warrior barely misses your +0 scimitar.
The orc priest calls down the wrath of Beogh upon you.
Beogh smites you!
You die...

#.........# #...#
#........
#.........# #...#
#..######
#..#####..# #.).#
#..# #..# #.)# #...#
#..# #..# #).# #...#
#..# ###..#
#..####...# #..#
PP...# #.........#
...P.### #......<..#
....P..###......@..#
..PP.....#.)####...#
.........#..# #(..#
.....P......# #oo.#
............# #.).#
......P.)...# #...#
............# #oo.#
......P†PP..# #...#
....P..P....# #...#


You could see an orc warrior (ally target), 2 orc priests, an orc wizard
(invisible) and a friendly +0 scimitar.

Vanquished Creatures
  A two-headed ogre (D:8)
  A gargoyle (D:5)
  Grinder (D:4)
  2 yaks (D:9)
  A shadow (D:9)
  A wyvern (D:9)
  3 steam dragons
  3 water moccasins
  An acid dragon (D:5)
  Duvessa (D:5)
  A sky beast (D:5)
  An ice beast (D:6)
  4 black bears
  2 orc warriors
  2 ogres
  2 centaurs
  3 phantoms
  4 bullfrogs
  A gnoll sergeant (D:5)
  4 necrophages
  2 scorpions
  4 wights (D:9)
  Dowan (D:5)
  4 killer bees
  Crazy Yiuf (D:4)
  8 jellies
  2 orc priests
  3 hounds
  7 iguanas
  Terence (D:2)
  6 orc wizards
  3 gnolls
  9 adders
  2 shadow imps
  A white imp (D:6)
  An ufetubus (D:6)
  A worm (D:3)
  4 dart slugs
  35 orcs
  15 ball pythons
  3 bats
  8 endoplasms
  2 giant cockroaches
  13 goblins
  7 hobgoblins
  5 jackals
  3 quokkas
  3 frilled lizards
  7 kobolds
  4 rats
204 creatures vanquished.

Vanquished Creatures (collateral kills)
  A water moccasin (D:9)
  An orc warrior (D:9)
  2 orc wizards (D:9)
  A gnoll (D:5)
  5 orcs
10 creatures vanquished.

Vanquished Creatures (others)
  4 dancing weapons (D:9)
  49 fungi (D:9)
  45 plants
  4 toadstools (D:1)
102 creatures vanquished.

Grand Total: 316 creatures vanquished

Notes
Turn   | Place    | Note
-------+----------+-------------------------------------------
     0 | D:1      | Decritt the Spriggan Enchanter began the quest for the Orb.
     0 | D:1      | Reached XP level 1. HP: 9/9 MP: 5/5
   230 | D:1      | Reached XP level 2. HP: 6/13 MP: 6/6
   820 | D:2      | Reached XP level 3. HP: 17/17 MP: 8/8
   838 | D:2      | Noticed Terence
  1034 | D:2      | Learned a level 3 spell: Confusing Touch
  1038 | D:2      | Learned a level 3 spell: Dazzling Flash
  1041 | D:2      | Learned a level 2 spell: Ensorcelled Hibernation
  1250 | D:2      | Reached skill level 5 in Stealth
  1300 | D:2      | Killed Terence
  1301 | D:2      | Reached skill level 1 in Fighting
  1301 | D:2      | Reached XP level 4. HP: 22/22 MP: 6/9
  1354 | D:2      | Found a faded altar of an unknown god.
  1526 | D:3      | Found a bloodstained altar of Trog.
  1943 | D:3      | Reached XP level 5. HP: 25/25 MP: 6/11
  2050 | D:3      | Found a radiant altar of Vehumet.
  2620 | D:4      | Found a staircase to the Ecumenical Temple.
  2643 | Temple   | Entered the Ecumenical Temple
  2671 | Temple   | Became a worshipper of Dithmenos the Shadowed
  2814 | D:4      | Noticed a black bear
  2821 | D:4      | Killed a black bear
  2822 | D:4      | Reached XP level 6. HP: 30/30 MP: 11/13
  2869 | D:4      | Noticed Grinder
  2894 | D:4      | Reached skill level 6 in Stealth
  2908 | D:4      | Killed Grinder
  2909 | D:4      | Reached skill level 5 in Hexes
  2909 | D:4      | Reached XP level 7. HP: 33/35 MP: 6/14
  3094 | D:4      | Found a runed translucent door.
  3095 | D:4      | Noticed Crazy Yiuf
  3106 | D:4      | Killed Crazy Yiuf
  3435 | D:4      | Found Rehur's Self-Improvement Boutique.
  3623 | D:4      | Reached skill level 5 in Dodging
  3709 | D:4      | Reached * piety under Dithmenos
  3844 | D:5      | Entered Level 5 of the Dungeon
  3855 | D:5      | Found an ancient bone altar of Kikubaaqudgha.
  3874 | D:5      | Reached skill level 7 in Stealth
  3987 | D:5      | Noticed Duvessa
  3987 | D:5      | Noticed Dowan
  4107 | D:5      | Reached skill level 5 in Spellcasting
  4141 | D:5      | Reached XP level 8. HP: 39/39 MP: 11/16
  4311 | D:5      | Killed Duvessa
  4466 | D:5      | Reached skill level 8 in Stealth
  4583 | D:5      | Killed Dowan
  4609 | D:5      | Learned a level 3 spell: Tukima's Dance
  4612 | D:5      | Learned a level 2 spell: Passwall
  4764 | D:5      | Noticed a gargoyle
  4795 | D:5      | Reached skill level 1 in Armour
  4841 | D:5      | Killed a gargoyle
  5444 | D:5      | Reached skill level 1 in Shields
  5549 | D:6      | Reached skill level 5 in Short Blades
  5549 | D:6      | Reached XP level 9. HP: 44/44 MP: 19/19
  5676 | D:6      | Reached ** piety under Dithmenos
  5798 | D:6      | Found a sacrificial altar of Ru.
  5809 | D:6      | Reached skill level 9 in Stealth
  5948 | D:6      | Found a hazy altar of Hepliaklqana.
  6692 | D:7      | Identified the +4 ring mail of the Land of Plenty {rPois}
  6947 | D:8      | Found a snail-covered altar of Cheibriados.
  6971 | D:8      | Found a shimmering blue altar of Sif Muna.
  8086 | D:8      | Found a broken altar of Ashenzari.
  8359 | D:8      | Noticed a two-headed ogre
  8384 | D:8      | Killed a two-headed ogre
  8385 | D:8      | Reached skill level 10 in Stealth
  8385 | D:8      | Reached XP level 10. HP: 49/49 MP: 20/22
  8443 | D:8      | Noticed an oklob plant
  8521 | D:9      | Reached *** piety under Dithmenos
  8795 | D:9      | Found a staircase to the Lair.
  9102 | D:9      | Found a burning altar of Makhleb.
  9104 | D:9      | Found a glowing silver altar of Zin.
  9104 | D:9      | Noticed an angel
  9105 | D:9      | Noticed a balrug
  9389 | D:9      | Killed from afar by an orc priest

Illustrated notes

Levels and vault maps discovered:
D:1:      ldierk_walled_garden_2, layout_basic
D:2:      layout_rooms, hellmonk_ecumenical_altar_defaced_shrine, uniq_terence
D:3:      layout_loops_ring, mainiacjoe_overflow_brackets, lemuel_round_altar,
          dreamdust_princess_bridge, minmay_starry_boxes
D:4:      minmay_chambers_of_twos, layout_basic, minmay_temple_entry_waves,
          nicolae_shop_self_help, uniq_crazy_yiuf_cottage, uniq_grinder
D:5:      layout_gridville, lemuel_tele_altar, serial_glass, glass_columns_a,
          glass_columns_b, uniq_duvessa
D:6:      layout_loops_ring, nicolae_hepliaklqana_hippocampus,
          mainiacjoe_overflow_concentric_impassable
D:7:      layout_rooms
D:8:      layout_basic, nicolae_ashenzari_panopticon,
          mainiacjoe_overflow_large_starburst, introduction_to_nature_1
D:9:      layout_long_grid, grunt_temple_overflow_order_and_chaos_2,
          due_lair_maze_entry_diamond, gammafunk_ghost_grave
Temple:   compressed_dpeg_circular_temple

Skill      XL: |  1  2  3  4  5  6  7  8  9 10 |
---------------+-------------------------------+-----
Dodging        | 3 4 5 6 8 |  8.6
Spellcasting   | 3 4 5 6 7 |  7.9
Hexes          | 4 5 6 8 |  8.5
Stealth        | 5 6 7 8 10 | 10.8
Fighting       | 1 2 3 |  3.3
Short Blades   | 2 3 4 5 6 |  6.8
Armour         | 1 3 |  3.5
Shields        | 1 2 3 |  3.2

Action                   |  1- 3 |  4- 6 |  7- 9 | 10-12 || total
-------------------------+-------+-------+-------+-------++-------
Melee: Dagger            |   126 |   120 |   189 |       ||   435
       Punch             |     1 |     2 |     3 |       ||     6
       Short sword       |       |       |   189 |    58 ||   247
 Cast: Ensorcelled Hiber |     4 |    27 |    26 |    20 ||    77
       Confusing Touch   |       |     1 |    30 |     2 ||    33
       Tukima's Dance    |       |       |     3 |    16 ||    19
  Use: Scroll            |     5 |       |    16 |     1 ||    22
 Stab: Sleeping          |     8 |    18 |    44 |    17 ||    87
       Distracted        |     2 |       |     2 |       ||     4
       Confused          |       |     2 |    22 |     1 ||    25
Armor: Robe              |    12 |     9 |    27 |       ||    48
       Skin              |       |       |     1 |       ||     1
       Acid dragon scale |       |       |     9 |    14 ||    23
Dodge: Dodged            |   111 |    78 |   250 |    36 ||   475
Block: Buckler           |       |       |    41 |    21 ||    62

Table legend: (Time is in decaauts)
 A = Elapsed time spent in this place.
 B = Non-inter-level travel time spent in this place.
 C = Inter-level travel time spent in this place.
 D = Time resting spent in this place.
 E = Time spent auto-exploring this place.
 F = Levels seen in this place.
 G = Mean time per level.
                   A        B        C        D        E       F      G
               +--------+--------+--------+--------+--------+-----+--------+
         Total |   6886 |   6679 |    207 |    976 |   3760 |  10 |  688.6 |
       Dungeon |   6854 |   6661 |    193 |    976 |   3747 |   9 |  761.6 |
        Temple |     32 |     18 |     14 |      0 |     13 |   1 |   32.0 |
               +--------+--------+--------+--------+--------+-----+--------+

Top non-repeatable levels by time:
     D:5: 1091 daAuts
     D:4: 949 daAuts
     D:8: 861 daAuts
     D:7: 803 daAuts
     D:9: 743 daAuts
     D:3: 734 daAuts
     D:2: 635 daAuts
     D:6: 520 daAuts
     D:1: 515 daAuts
  Temple: 32 daAuts
